 Dungeon Crawl Stone Soup version 0.29-a0-919-gd064cfad1c (webtiles) character file.

Game seed: 2919408548450074638

198 concernfroge the Trooper (level 5, -36/46 HPs)
             Began as a Mummy Monk on July 26, 2022.
             Killed by an exploding butterfly (42 damage)
             ... ignited by their inner flame
             ... on level 3 of the Dungeon.
             The game lasted 00:06:46 (3286 turns).

concernfroge the Trooper (Mummy Monk)               Turns: 3286, Time: 00:06:46

Health: -36/46     AC:  3    Str: 17    XL:     5   Next: 47%
Magic:  5/5        EV: 12    Int: 15    God:
Gold:   111        SH:  0    Dex: 14    Spells: 4/4 levels left

rFire   x . .      SeeInvis .   g - +0 halberd
rCold   + . .      Faith    .   (shield currently unavailable)
rNeg    + + +      Spirit   .   c - +0 leather armour
rPois   ∞          Reflect  .   (no helmet)
rElec   .          Harm     .   (no cloak)
rCorr   .          Rampage  .   (no gloves)
Will    .....                   (no boots)
Stlth   ++........              (no amulet)
HPRegen 0.15/turn               d - +6 ring of intelligence
MPRegen 0.09/turn               (no ring)

@: no status effects
A: cold resistance 1, negative energy resistance 3, torment resistance 2, heat
vulnerability 1, in touch with death 1, no potions
a: no special abilities


You were on level 3 of the Dungeon.
You visited 1 branch of the dungeon, and saw 3 of its levels.

You collected 111 gold pieces.

Inventory:

Hand Weapons
 g - a +0 halberd (weapon)
 h - a +0 vampiric long sword
 i - a +0 trident
Missiles
 m - 3 boomerangs (quivered)
Armour
 b - a +0 robe
 c - a +0 leather armour (worn)
Jewellery
 d - a +6 ring of intelligence (left hand)
Scrolls
 e - a scroll of magic mapping


   Skills:
 + Level 6.3 Fighting
 - Level 2.4 Polearms
 - Level 2.4 Dodging
 - Level 1.5 Stealth


You had 4 spell levels left.
You didn't know any spells.
Your spell library contained the following spells:

 Spells                   Type           Power      Damage    Failure   Level
 Freezing Cloud           Conj/Ice/Air   0%         6-21      100%        5
 Simulacrum               Ice/Necr       0%         N/A       100%        6
 Polar Vortex             Ice            0%         N/A       100%        9


Dungeon Overview and Level Annotations

Branches:
Dungeon (3/15)

Altars:
Dithmenos


Innate Abilities, Weirdness & Mutations

You are immune to poison.
Your flesh is cold resistant. (rC+)
You are immune to negative energy. (rN+++)
You are immune to unholy pain and torment.
You are vulnerable to heat. (rF-)
You are in touch with the powers of death.
You do not drink.


Message History

You throw a boomerang.
The boomerang barely misses the orc wizard.
The orc wizard shouts!
The orc wizard gestures wildly while chanting.
The orc wizard flickers and vanishes!
Deactivating autopickup; reactivate with Ctrl-A.
As you read the scroll labelled FUICZABL LOWY, it crumbles to dust.
You hear the tinkle of a tiny bell.
It was a scroll of butterflies.
As you read the scroll labelled UCUCYEL XARO, it crumbles to dust.
It is a scroll of amnesia.
You feel forgetful for a moment.
As you read the scroll labelled YSAERA FOICKI, it crumbles to dust.
You hear a loud clanging noise!
It was a scroll of noise.
You hear a shout!
You hear an angry hiss. x3
As you read the scroll labelled COLOTR LEKH, it crumbles to dust.
The creatures around you are filled with an inner flame!
It was a scroll of immolation.
As you read the scroll labelled BENWEUGHIP, it crumbles to dust.
It is a scroll of identify.
You don't have any unidentified items.
Something hits you.
You barely miss something. Something hits you but does no damage.
You miss something. Something barely misses you.
You puncture something!
Flame seeps out of something.
Reactivating autopickup.
You feel a bit more experienced.
The orc wizard explodes!
The fiery explosion engulfs you!!! The fire burns you terribly!
Ouch! That really hurt!
* * * LOW HITPOINT WARNING * * *
You open the door.
A dart slug and a kobold come into view.
The kobold shouts!
Your butterfly is engulfed in blazing flames.
Your butterfly disappears in a burst of colours!
Your butterfly explodes!
The fiery explosion engulfs you!!! The fire burns you terribly!
Ouch! That really hurt!
You die...

.......'...####.##...# #.# #
######.##............# #.####
#8## #.##....b.......# #.....
...8#####..b..b......# #.....
....#####.bbb......### #.....
...._#.##...bbb....# #######.....
....##.##...b..§.§§###...........
...8##.......b.§§°...)...........
#8 ########..§@#####...........
###########...##'# #+##.....###
........##..###..#.o ###...#
...........##.#..#o. ##..#
........#..'÷.#.w#.. +..#
....)...##.##.#..#.. ##..#
........##..###K.#rr ###..##
........##....####.. ####...##
.................##'##....###


You could see a dart slug and a kobold.

Vanquished Creatures
  A hound (D:3)
  An orc wizard (D:3)
  4 gnolls (D:2)
  5 adders
  2 dart slugs (D:1)
  An orc (D:3)
  7 ball pythons
  4 endoplasms
  4 giant cockroaches
  6 goblins
  3 hobgoblins
  A kobold (D:1)
  5 quokkas
  8 bats
  5 frilled lizards
  4 rats
61 creatures vanquished.

Notes
Turn   | Place    | Note
-------+----------+-------------------------------------------
     0 | D:1      | concernfroge the Mummy Monk began the quest for the Orb.
     0 | D:1      | Reached XP level 1. HP: 18/18 MP: 1/1
   530 | D:1      | Reached XP level 2. HP: 24/24 MP: 2/2
   804 | D:1      | Reached skill level 4 in Fighting
  1445 | D:1      | Gained mutation: You are in touch with the powers of death.
                  | [Mummy growth]
  1445 | D:1      | Reached XP level 3. HP: 30/30 MP: 3/3
  2041 | D:2      | Reached XP level 4. HP: 38/38 MP: 4/4
  2045 | D:2      | Reached skill level 5 in Fighting
  2837 | D:3      | Reached XP level 5. HP: 41/46 MP: 5/5
  2870 | D:3      | Found a faded altar of an unknown god.
  2950 | D:3      | Found a shadowy altar of Dithmenos.
  2998 | D:3      | Reached skill level 6 in Fighting
  3286 | D:3      | Killed by an exploding butterfly... ignited by their inner
                  | flame

Illustrated notes

Levels and vault maps discovered:
D:1:      matt_arrival_refuge, layout_basic
D:2:      layout_rooms
D:3:      layout_basic, nicolae_overflow_hidden_temple,
          nicolae_ru_the_path_less_chosen,
          hellmonk_ecumenical_altar_leap_of_faith, minmay_misc_feat_nine_boxes,
          minmay_divided_ellipse

Skill      XL: |  1  2  3  4  5 |
---------------+----------------+-----
Fighting       | 4 5 6 |  6.3
Polearms       | |  2.4
Dodging        | |  2.4
Stealth        | |  1.5

Action                   |  1- 3 |  4- 6 || total
-------------------------+-------+-------++-------
Melee: Spear             |   152 |    23 ||   175
       Punch             |     2 |       ||     2
       Halberd           |       |    64 ||    64
Throw: Boomerang         |       |     8 ||     8
  Use: Scroll            |     4 |     5 ||     9
 Stab: Sleeping          |     7 |     2 ||     9
Armor: Leather armour    |    36 |    20 ||    56
       Robe              |     2 |       ||     2
Dodge: Dodged            |    93 |    66 ||   159

Table legend: (Time is in decaauts)
 A = Elapsed time spent in this place.
 B = Non-inter-level travel time spent in this place.
 C = Inter-level travel time spent in this place.
 D = Time resting spent in this place.
 E = Time spent auto-exploring this place.
 F = Levels seen in this place.
 G = Mean time per level.
                   A        B        C        D        E       F      G
               +--------+--------+--------+--------+--------+-----+--------+
         Total |   3307 |   3181 |    126 |      0 |   2668 |   3 | 1102.3 |
       Dungeon |   3307 |   3181 |    126 |      0 |   2668 |   3 | 1102.3 |
               +--------+--------+--------+--------+--------+-----+--------+

Top non-repeatable levels by time:
     D:1: 1553 daAuts
     D:2: 1109 daAuts
     D:3: 643 daAuts
